 Dungeon Crawl Stone Soup version 0.19-a0-1895-g783e625 (webtiles) character file.

844 Amnesiac the Cleaver (level 7, -4/61 HPs)
             Began as a Deep Dwarf Berserker on Oct 18, 2016.
             Was a Follower of Trog.
             Slain by a gnoll
             ... wielding a +0 halberd
              (12 damage)
             ... on level 6 of the Dungeon.
             The game lasted 00:03:12 (759 turns).

Amnesiac the Cleaver (Deep Dwarf Berserker)          Turns: 759, Time: 00:03:13

Health: -4/61      AC:  6    Str: 20    XL:     7   Next: 68%
Magic:  7/7        EV: 10    Int:  8    God:    Trog [*.....]
Gold:   55         SH:  0    Dex: 14    Spells: 0 memorised, 6 levels left

rFire  . . .     SeeInvis .     a - +0 hand axe
rCold  . . .     Gourm    .     b - +0 scale mail
rNeg   . . .     Faith    +     (no shield)
rPois  .         Spirit   .     (no helmet)
rElec  .         Reflect  .     (no cloak)
rCorr  .         Harm     .     (no gloves)
MR     +....                    (no boots)
Stlth  ..........               i - amulet of faith
                                (no ring)
                                (no ring)

@: exhausted, non-regenerating
A: damage resistance, recharge devices, sense surroundings 1, slow regeneration
3
a: Device Recharging, Berserk, Burn Spellbooks, Renounce Religion


You were on level 6 of the Dungeon.
You worshipped Trog.
Trog was aware of your devotion.
You were not hungry.

You visited 1 branch of the dungeon, and saw 6 of its levels.

You collected 55 gold pieces.

Inventory:

Hand Weapons
 a - a +0 hand axe (weapon)
Armour
 b - a +0 scale mail (worn)
Jewellery
 i - an amulet of faith (around neck)
Wands
 c - a wand of heal wounds (0/9)
Scrolls
 e - a scroll of identify {unknown}
 h - a scroll of teleportation {unknown}
Comestibles
 d - a bread ration
 f - a slice of pizza


   Skills:
 - Level 2.6 Fighting
 + Level 10.1 Axes
 - Level 2.1 Armour
 - Level 2.1 Dodging


You had 6 spell levels left.
You didn't know any spells.

Dungeon Overview and Level Annotations

Branches:
Dungeon (6/15)
 Temple: D:4-7

Altars:


Innate Abilities, Weirdness & Mutations

You are resistant to damage.
You can recharge devices by infusing magical energy.
You passively map a small area around you.
You do not regenerate.


Message History

You barely miss the gnoll.
The gnoll is moderately wounded.
You closely miss the gnoll. The gnoll hits you with a halberd.
* * * LOW HITPOINT WARNING * * *
You hit the gnoll.
The gnoll is heavily wounded.
You closely miss the gnoll. The gnoll misses you.
The gnoll hits you but does no damage.
You hit the gnoll.
The gnoll is heavily wounded.
You hit the gnoll. The gnoll hits you with a halberd.
You hit the gnoll.
The gnoll is almost dead.
You slash the gnoll! The gnoll misses you.
You hit the gnoll but do no damage.
The gnoll is almost dead.
You hit the gnoll. The gnoll hits you with a halberd!
* * * LOW HITPOINT WARNING * * *
The gnoll hits you with a halberd!
You die...

* ,,, ......** , , *
##.*...# * *** #.< #..#
, .#####.###..# *
**,........##..### # ,
###.g.)....####... ,
*#.#.##...###..g..g....g
, .......g##
##.#...>#!#,
##.####g@####.####...#
,, ,
........<..........## *
.######.####........ * *
##.#....#######
#....##.# *, #.#..##.# *
, *#.##....# * * * ..
###... * * .## #..# ,


You could see 2 gnolls.

Vanquished Creatures
  Pikel (D:5)
  A hippogriff (D:6)
  A phantom (D:3)
  A centaur (D:3)
  2 gnolls (D:6)
  3 adders
  A leopard gecko (D:3)
  A bat (D:3)
  3 giant cockroaches
  A goblin (D:1)
  A quokka (D:3)
  A ball python skeleton (D:3)
  A kobold (D:3)
  A rat (D:1)
19 creatures vanquished.

Vanquished Creatures (others)
  A hound (D:5)
  An orc (D:5)
  A quokka (D:5)
3 creatures vanquished.

Grand Total: 22 creatures vanquished

Notes
Turn   | Place    | Note
-------+----------+-------------------------------------------
     0 | D:1      | Amnesiac the Deep Dwarf Berserker began the quest for the Orb.
     0 | D:1      | Reached XP level 1. HP: 20/20 MP: 1/1
   172 | D:3      | Noticed a centaur
   187 | D:3      | Killed a centaur
   187 | D:3      | Reached skill level 5 in Axes
   187 | D:3      | Reached XP level 2. HP: 27/27 MP: 2/2
   187 | D:3      | Reached XP level 3. HP: 33/33 MP: 3/3
   187 | D:3      | Reached XP level 4. HP: 40/40 MP: 4/4
   208 | D:3      | Noticed a phantom
   282 | D:3      | Killed a phantom
   282 | D:3      | Reached skill level 6 in Axes
   282 | D:3      | Reached XP level 5. HP: 16/46 MP: 5/5
   482 | D:5      | Entered Level 5 of the Dungeon
   487 | D:5      | Noticed a slave
   488 | D:5      | Noticed Pikel
   489 | D:5      | Noticed a slave
   490 | D:5      | Noticed a slave
   492 | D:5      | Noticed a slave
   507 | D:5      | Killed Pikel
   507 | D:5      | Reached skill level 9 in Axes
   507 | D:5      | Reached XP level 6. HP: 25/55 MP: 6/6
   507 | D:5      | Reached XP level 7. HP: 27/61 MP: 7/7
   694 | D:6      | Noticed a hippogriff
   720 | D:6      | Killed a hippogriff
   720 | D:6      | Reached skill level 10 in Axes
   759 | D:6      | Slain by a gnoll

Vault maps used:
D:1:      dpeg_arrival_subterranean_lakeside_camping
D:4:      uniq_natasha, uniq_menkaure
D:5:      cheibrodos_iron_armory, first_bread, uniq_pikel
D:6:      grunt_decor_cap

Skill      XL: |  1  2  3  4  5  6  7 |
---------------+----------------------+-----
Axes           | 5 6 9 10 | 10.1
Fighting       | |  2.6
Armour         | |  2.1
Dodging        | |  2.1

Action                   |  1- 3 |  4- 6 |  7- 9 || total
-------------------------+-------+-------+-------++-------
Melee: Hand axe          |    23 |    75 |    36 ||   134
Invok: Berserk           |     1 |     1 |     1 ||     3
Evoke: Wand              |       |     3 |     2 ||     5
  Use: Potion            |       |     2 |       ||     2
       Scroll            |       |     1 |       ||     1
 Stab: Sleeping          |     1 |       |       ||     1
  Eat: Chunk             |       |       |     2 ||     2
Armor: Animal skin       |     4 |     7 |       ||    11
       Scale mail        |       |       |    11 ||    11
Dodge: Dodged            |    17 |    23 |    26 ||    66
